 Dungeon Crawl Stone Soup version 0.28.0-43-g3370ac3207 (webtiles) character file.

Game seed: 11614184875010464015

21469 RascalDebosk the Cleaver (level 12, 0/107 HPs)
             Began as a Minotaur Fighter on Mar 14, 2022.
             Was an Initiate of Gozag.
             Slain by Nessos (4 damage)
             ... on level 13 of the Dungeon on Mar 16, 2022.
             The game lasted 02:40:41 (12904 turns).

RascalDebosk the Cleaver (Minotaur Fighter)        Turns: 12904, Time: 02:40:42

Health: 0/107      AC: 25    Str: 36    XL:     12   Next: 54%
Magic:  11/11      EV:  8    Int:  8    God:    Gozag
Gold:   526        SH:  6    Dex: 11    Spells: 11/11 levels left

rFire   + . .      SeeInvis +   K - +5 war axe
rCold   . . .      Faith    .   c - +0 buckler
rNeg    . . .      Spirit   .   M - +8 plate armour of Focus {rF+}
rPois   .          Reflect  .   p - +0 hat {Int+3}
rElec   .          Harm     .   (no cloak)
rCorr   +          Rampage  .   (no gloves)
Will    +....                   v - +1 pair of boots of Qium {Will+ Regen+ Str+5 SInv}
Stlth   ..........              (no amulet)
HPRegen 1.07/turn               r - +6 ring of strength
MPRegen 0.12/turn               t - ring of resist corrosion

@: lethally poisoned (0 -> -1), hasted, very quick
A: horns 2, retaliatory headbutt
a: Renounce Religion, Potion Petition, Call Merchant, Bribe Branch


You were on level 13 of the Dungeon.
You worshipped Gozag.
Gozag was pleased with you.
You visited 2 branches of the dungeon, and saw 14 of its levels.
You also visited: Bailey.

You collected 4104 gold pieces.
You spent 1773 gold pieces at shops.
You paid 1805 gold pieces to Gozag.

Inventory:

Hand Weapons
 H - a +5 spear
 K - a +5 war axe (weapon)
Missiles
 i - 55 stones
 m - 32 poisoned darts
 o - 2 silver boomerangs
 q - 23 boomerangs
 s - 10 curare-tipped darts (quivered)
 y - 2 throwing nets
 A - 8 datura-tipped darts
 B - 3 silver javelins
 G - 4 javelins
 P - 3 atropa-tipped darts
Armour
 c - a +0 buckler (worn)
 d - a +3 chain mail of willpower
 p - a +0 hat of intelligence (worn)
 v - the +1 pair of boots of Qium (worn) {Will+ Regen+ Str+5 SInv}
   (You bought it in a shop on level 2 of the Dungeon)

   Str:       It affects your strength (+5).
   SInv:      It lets you see invisible.
   Regen:     It increases your rate of health regeneration.
   Will:      It increases your willpower.
 F - a +3 chain mail of poison resistance
 M - the +8 plate armour of Focus (worn) {rF+}
   (You bought it in a shop on level 11 of the Dungeon)

   rF:        It protects you from fire.
Jewellery
 r - a +6 ring of strength (left hand)
 t - a ring of resist corrosion (right hand)
 R - a ring of flight
Wands
 k - a wand of iceblast (11)
 l - a wand of acid (4)
 n - a wand of flame (21)
 C - a wand of paralysis (15)
 S - a wand of digging (4)
Scrolls
 a - 2 scrolls of vulnerability
 e - a scroll of noise
 g - 6 scrolls of teleportation
 u - a scroll of amnesia
 E - a scroll of magic mapping
 L - a scroll of fog
 Q - a scroll of enchant armour
Potions
 b - a potion of berserk rage
 f - 4 potions of curing
 h - a potion of heal wounds
 j - 4 potions of brilliance
 w - 6 potions of flight
 x - 3 potions of haste
 D - a potion of might
 J - 3 potions of ambrosia
 N - 2 potions of lignification
 O - a potion of resistance
Miscellaneous
 z - a box of beasts
 I - a lightning rod (4/4)


   Skills:
 + Level 10.4 Fighting
 * Level 12.2 Axes
 * Level 10.1 Throwing
 + Level 10.4 Armour
 + Level 10.4 Shields
 + Level 6.6 Evocations


You had 11 spell levels left.
You didn't know any spells.
Your spell library contained the following spells:

 Spells                   Type           Power      Damage    Failure   Level
 Magic Dart               Conj           0%         1d3       95%         1
 Sandblast                Erth           0%         2d4       95%         1
 Call Imp                 Summ           0%         N/A       99%         2
 Corpse Rot               Necr/Air       0%         N/A       99%         2
 Passwall                 Tmut/Erth      0%         N/A       99%         2
 Poisonous Vapours        Pois/Air       0%         N/A       99%         2
 Static Discharge         Conj/Air       0%         N/A       99%         2
 Mephitic Cloud           Conj/Pois/Air  0%         N/A       100%        3
 Ozocubu's Armour         Ice            0%         N/A       100%        3
 Stone Arrow              Conj/Erth      0%         3d7       100%        3
 Summon Guardian Golem    Hex/Summ       0%         N/A       100%        3
 Blade Hands              Tmut           0%         N/A       100%        5
 Irradiate                Conj/Tmut      0%         3d13      100%        5
 Lightning Bolt           Conj/Air       0%         1d11      100%        5
 Dragon Form              Tmut           0%         N/A       100%        7
 Orb of Destruction       Conj           0%         9d5       100%        7
 Ozocubu's Refrigeration  Ice            0%         4d5       100%        7
 Spellforged Servitor     Conj/Summ      0%         N/A       100%        7
 Maxwell's Capacitive Co  Air            0%         ∞         100%        8


Dungeon Overview and Level Annotations

Branches:
Dungeon (13/15)            Temple (1/1) D:7            Lair (0/6) D:9
    Orc (0/2) D:9          Bailey (visited)
 Vaults: D:13-14

Altars:
Ashenzari
Cheibriados
Dithmenos
Fedhas
Gozag
Hepliaklqana
Kikubaaqudgha
Makhleb
Nemelex Xobeh
Okawaru
Qazlal
Ru
Sif Muna
Trog
Uskayaw
Vehumet
Wu Jian
Yredelemnul
Zin
The Shining One
Beogh

Shops:
D:2 *   D:3 [   D:11 *

Portals:
Trove: D:11 (give 4 potions of resistance)

Annotations:
D:13 Nessos


Innate Abilities, Weirdness & Mutations

You have a pair of horns on your head.
You reflexively headbutt those who attack you in melee.


Message History

Nessos shoots an arrow.
The arrow hits you but does no damage.
Nessos shoots an arrow.
The arrow hits you but does no damage. The harpy claws you.
The harpy claws you but does no damage.
Nessos shoots an arrow.
The arrow hits you but does no damage.
Nessos pounds the earth with their hooves.
Nessos shoots an arrow.
The arrow hits you!
* * * LOW HITPOINT WARNING * * *
The arrow burns you.
You are poisoned.
* * * LOW HITPOINT WARNING * * *
You feel very sick. The harpy claws you but does no damage.
The harpy claws you.
* * * LOW HITPOINT WARNING * * *
Nessos unwields a +2 longbow of flaming.
It stops flaming.
Nessos hits you but does no damage. Nessos kicks you.
* * * LOW HITPOINT WARNING * * *
The harpy claws you but does no damage. x2
You slash Nessos!
Nessos is severely wounded.
You slash the harpy!
You feel sick. The harpy claws you but does no damage.
You block the harpy's attack. Nessos hits you but does no damage.
Nessos kicks you but does no damage. The harpy claws you but does no damage.
The harpy claws you.
* * * LOW HITPOINT WARNING * * *
You closely miss Nessos.
Nessos is severely wounded.
You hit the harpy.
You feel sick. Nessos hits you.
* * * LOW HITPOINT WARNING * * *
Nessos closely misses you. The harpy barely misses you.
You furiously retaliate!
You headbutt the harpy. You block the harpy's attack.
Nessos hits you but does no damage. Nessos kicks you but does no damage.
You barely miss Nessos. You headbutt Nessos, but do no damage.
Nessos is severely wounded.
You slash the harpy!
You feel sick.
The harpy claws you but does no damage. x2
Nessos hits you but does no damage. Nessos kicks you but does no damage.
You barely miss Nessos.
Nessos is severely wounded.
You slash the harpy!
You feel sick. Nessos hits you.
You die...
Your body crumbles into a pile of gold.

### ####..# #......
##.########....$.
#............... ##
#.....c@H...## ..
#............##########.
#............#..........
#..............########.
#............### #.
##########.### ## #.$# #
#..## ###### #.# #.....


You could see Nessos (fast) and a harpy.

Vanquished Creatures
  Gastronok (D:10)
  A vault guard (D:11)
  A hydra (D:11)
  A boulder beetle (D:12)
  Erica (D:8)
  A centaur warrior (D:9)
  A two-headed ogre (D:10)
  An orc knight (Bailey)
  3 ugly things
  2 cyclopes
  A deep elf pyromancer (D:13)
  A manticore (D:12)
  A centaur zombie (D:11)
  An elephant (D:9)
  Joseph (D:7)
  A gargoyle (D:12)
  An unseen horror (shapeshifter) (D:11)
  A komodo dragon (D:11)
  A kobold demonologist (D:10)
  3 trolls (D:11)
  A hornet (D:9)
  A shadow (D:9)
  4 water elementals (D:13)
  4 wraiths
  Grum (D:8)
  A vampire (D:13)
  A wyvern (D:9)
  9 yaks
  A basilisk (D:9)
  4 fire bats (D:11)
  A steam dragon (D:6)
  Menkaure (D:7)
  A water moccasin (D:6)
  Duvessa (D:5)
  A hell hound (D:11)
  13 orc warriors
  4 ice beasts
  2 sky beasts
  2 black bears
  3 necrophages
  3 ogres
  3 wolves (D:8)
  3 centaurs
  7 kobold brigands (Bailey)
  A gnoll sergeant (D:8)
  3 scorpions
  Dowan (D:5)
  A water moccasin skeleton (D:6)
  8 killer bees (D:9)
  19 wights
  2 electric eels
  8 howler monkeys
  A crimson imp (D:9)
  2 lava snakes (D:11)
  2 jellies (D:6)
  A gnoll shaman (D:3)
  7 orc priests
  6 hounds
  2 centaur skeletons
  A bullfrog skeleton (D:6)
  6 orc wizards
  4 iguanas
  A killer bee zombie (D:8)
  2 hound skeletons (D:5)
  12 gnolls
  A howler monkey skeleton (D:4)
  5 adders
  8 river rats (D:7)
  A shadow imp (D:5)
  4 white imps
  A worm (D:2)
  A dart slug (D:2)
  54 orcs
  5 endoplasms
  3 giant cockroaches
  9 goblins
  6 hobgoblins
  5 quokkas
  8 ball pythons
  8 bats
  3 frilled lizards
  19 kobolds
  22 rats
  2 fire vortices (D:11)
  2 toadstools (D:2)
354 creatures vanquished.

Vanquished Creatures (others)
  A fire vortex (D:11)
  8 fungi
  5 plants
  A toadstool (D:2)
15 creatures vanquished.

Grand Total: 369 creatures vanquished

Notes
Turn   | Place    | Note
-------+----------+-------------------------------------------
     0 | D:1      | RascalDebosk the Minotaur Fighter began the quest for the
                  | Orb.
     0 | D:1      | Reached XP level 1. HP: 19/19 MP: 0/0
    47 | D:1      | Found a faded altar of an unknown god.
   309 | D:1      | Reached XP level 2. HP: 27/27 MP: 1/1
   837 | D:2      | Found Foehacw's Assorted Antiques.
   853 | D:2      | Bought a scroll labelled UGOFITTIVYSCH for 27 gold pieces
   853 | D:2      | Bought an iron wand for 108 gold pieces
   885 | D:2      | Reached XP level 3. HP: 29/33 MP: 2/2
  1095 | D:2      | Reached skill level 1 in Throwing
  1184 | D:2      | Reached skill level 1 in Evocations
  1317 | D:2      | Identified the +3 pair of boots of Osuwuemn {rC+ rN+ Int-4
                  | Stlth+}
  1517 | D:3      | Reached skill level 3 in Axes
  1573 | D:3      | Found Paferphe's Antique Armour Boutique.
  1628 | D:3      | Reached XP level 4. HP: 40/40 MP: 3/3
  1732 | D:3      | Found a basalt altar of Yredelemnul.
  2570 | D:4      | Noticed a scorpion
  2602 | D:4      | Killed a scorpion
  2603 | D:4      | Reached XP level 5. HP: 29/47 MP: 4/4
  2895 | D:4      | Found a stormy altar of Qazlal.
  3396 | D:4      | Reached XP level 6. HP: 48/53 MP: 5/5
  4030 | D:5      | Entered Level 5 of the Dungeon
  4062 | D:5      | Found a bloodstained altar of Trog.
  4065 | D:5      | Found a blossoming altar of Fedhas.
  4076 | D:5      | Reached skill level 5 in Fighting
  4076 | D:5      | Reached skill level 4 in Axes
  4076 | D:5      | Reached skill level 5 in Shields
  4077 | D:5      | Noticed a sky beast
  4079 | D:5      | Noticed Dowan
  4080 | D:5      | Noticed Duvessa
  4081 | D:5      | Reached skill level 5 in Armour
  4088 | D:4      | Killed a sky beast
  4089 | D:4      | Reached XP level 7. HP: 51/61 MP: 6/6
  4293 | D:5      | Found an opulent altar of Gozag.
  4300 | D:5      | Became a worshipper of Gozag Ym Sagoz the Greedy
  4336 | D:5      | Killed Duvessa
  4338 | D:5      | Killed Dowan
  4522 | D:5      | Reached skill level 5 in Axes
  4534 | D:5      | Reached XP level 8. HP: 70/70 MP: 7/7
  4763 | D:5      | Found a shadowy altar of Dithmenos.
  5249 | D:6      | Reached skill level 6 in Axes
  5375 | D:6      | Reached XP level 9. HP: 70/78 MP: 8/8
  5552 | D:7      | Noticed Joseph
  5650 | D:2      | Bought a scroll labelled TUARAO COPTIO for 27 gold pieces
  5650 | D:2      | Bought a scroll of teleportation for 81 gold pieces
  5650 | D:2      | Bought a pair of steaming boots for 256 gold pieces
  5650 | D:2      | Identified the +1 pair of boots of Qium {Will+ Regen+ Str+5
                  | SInv} (You bought it in a shop on level 2 of the Dungeon)
  5650 | D:2      | Bought a murky white potion for 24 gold pieces
  5890 | D:7      | Killed Joseph
  5973 | D:7      | Reached skill level 5 in Throwing
  5996 | D:7      | Found a staircase to the Ecumenical Temple.
  6036 | D:7      | Noticed Menkaure
  6040 | D:7      | Killed Menkaure
  6348 | D:7      | Found a shimmering altar of Xom.
  6348 | D:7      | Found a shimmering altar of Xom.
  6526 | D:7      | Reached skill level 7 in Axes
  6786 | D:3      | Bought a runed chain mail for 172 gold pieces
  6899 | Temple   | Entered the Ecumenical Temple
  7908 | D:8      | Noticed Erica
  7936 | D:8      | Noticed Grum
  8252 | D:8      | Killed Erica
  8253 | D:8      | Reached XP level 10. HP: 67/88 MP: 9/9
  8275 | D:8      | Reached skill level 8 in Axes
  8649 | D:8      | Killed Grum
  8981 | D:9      | Noticed an elephant
  9036 | D:9      | Reached skill level 9 in Axes
  9116 | D:9      | Killed an elephant
  9215 | D:9      | Found a staircase to the Lair.
  9249 | D:9      | Noticed a centaur warrior
  9259 | D:9      | Killed a centaur warrior
  9260 | D:9      | Reached skill level 5 in Evocations
  9296 | D:9      | Reached XP level 11. HP: 93/95 MP: 10/10
  9442 | D:9      | Found a staircase to the Orcish Mines.
  9540 | D:9      | Noticed a green ugly thing
  9553 | D:9      | Killed a green ugly thing
  9841 | D:10     | Entered Level 10 of the Dungeon
  9919 | D:10     | Noticed Gastronok
  9927 | D:10     | Killed Gastronok
  9928 | D:10     | Reached skill level 10 in Axes
  9946 | D:10     | Found a flagged portal.
  9967 | Bailey   | Entered a bailey
 10127 | Bailey   | Noticed an orc knight
 10143 | Bailey   | Killed an orc knight
 10209 | Bailey   | Found a burning altar of Makhleb.
 10264 | D:10     | Noticed a two-headed ogre
 10272 | D:10     | Killed a two-headed ogre
 10479 | D:10     | Found a radiant altar of Vehumet.
 10759 | D:10     | Found a snail-covered altar of Cheibriados.
 11034 | D:11     | Noticed a white ugly thing
 11037 | D:11     | Killed a white ugly thing
 11039 | D:11     | Noticed a five-headed hydra
 11060 | D:11     | Killed a five-headed hydra
 11084 | D:11     | Reached skill level 11 in Axes
 11100 | D:11     | You fall into a shaft and drop 1 floor!
 11423 | D:11     | Noticed a vault guard
 11448 | D:11     | Killed a vault guard
 11496 | D:11     | Found a portal to a secret trove of treasure.
 11589 | D:11     | Found Geimej's General Store.
 11663 | D:11     | Reached XP level 12. HP: 73/106 MP: 11/11
 11925 | D:11     | Reached skill level 10 in Fighting
 11943 | D:11     | Reached skill level 10 in Shields
 12047 | D:11     | Bought the +8 plate armour of Focus {rF+} for 1078 gold
                  | pieces
 12114 | D:12     | Reached skill level 10 in Armour
 12189 | D:12     | Noticed a boulder beetle
 12305 | D:12     | Killed a boulder beetle
 12328 | D:12     | Reached skill level 12 in Axes
 12703 | D:13     | Reached skill level 10 in Throwing
 12877 | D:13     | Noticed Nessos
 12903 | D:13     | HP: 5/107 [poisoned by Nessos]
 12904 | D:13     | Slain by Nessos

Illustrated notes

Levels and vault maps discovered:
D:1:      psy_arrival_heroes, layout_loops_ring,
          hellmonk_ecumenical_altar_run_dry
D:2:      layout_basic, serial_shops, shop, minmay_gold_behind_fungi
D:3:      layout_loops_ring, old_standard_altar, serial_shops, shop_statue,
          amcnicky_mini_corridor_feature, minmay_misc_feat_plants,
          skrybe_limestone_x, minmay_misc_feat_nine_boxes
D:4:      layout_loops_ring, nicolae_qazlal_eye_of_the_storm,
          guppyfry_early_lair_pool
D:5:      layout_rooms, grunt_gozag_statues, nicolae_overflow_hidden_temple,
          uniq_duvessa
D:6:      layout_rooms
D:7:      lemuel_ratsnest, layout_basic, xom_shifter_show,
          minmay_temple_entry_ruins, nicolae_water_bricks, uniq_joseph,
          uniq_menkaure
D:8:      layout_loops_ring, minmay_misc_feat_enclosed, uniq_grum, uniq_erica
D:9:      layout_loops_ring, david_lair_generic, orc_0_dummy, special_room
          [special_room_orc], minmay_fire_ice_demons
D:10:     layout_gridville, mainiacjoe_overflow_alcove_2, lemuel_doored_altar,
          enter_bailey_5, eino_small_chamber_without_monster, uniq_gastronok
D:11:     layout_rooms, enter_trove_5, serial_shops, kennysheep_mini,
          special_room [special_room_orc], hangedman_incinerator
D:12:     layout_big_octagon
D:13:     layout_roguey, eino_small_chamber_without_monster,
          nicolae_underground_beach, uniq_nessos
Temple:   minmay_temple_forest_path

Skill      XL: |  1  2  3  4  5  6  7  8  9 10 11 12 |
---------------+-------------------------------------+-----
Fighting       | 4 5 6 8 9 10 | 10.4
Throwing       | 1 2 3 4 6 7 9 10 | 10.1
Shields        | 4 5 6 8 9 10 | 10.4
Evocations     | 1 2 3 4 5 6 |  6.6
Armour         | 4 5 6 8 9 10 | 10.4
Axes           | 3 4 5 6 7 9 11 12 | 12.2

Action                   |  1- 3 |  4- 6 |  7- 9 | 10-12 || total
-------------------------+-------+-------+-------+-------++-------
Melee: War axe           |    76 |    76 |   244 |   340 ||   736
       Headbutt          |     9 |     7 |    42 |    96 ||   154
       Whip              |       |       |    40 |    61 ||   101
       Spear             |       |       |       |    89 ||    89
Throw: Boomerang         |     6 |     7 |     4 |    12 ||    29
       Dart              |       |    13 |     5 |     2 ||    20
       Javelin           |       |       |     4 |    10 ||    14
Invok: Potion Petition   |       |       |       |     4 ||     4
Evoke: Wand              |       |       |     7 |     4 ||    11
  Use: Scroll            |       |     8 |    10 |     8 ||    26
       Potion            |       |       |     4 |     3 ||     7
 Stab: Distracted        |       |       |     2 |       ||     2
Armor: Scale mail        |    33 |       |       |       ||    33
       Plate armour      |    23 |    62 |    13 |    67 ||   165
       Chain mail        |       |       |   132 |   172 ||   304
Dodge: Dodged            |    39 |    21 |    91 |   169 ||   320
Block: Buckler           |    19 |    31 |    69 |   147 ||   266
